 Dungeon Crawl Stone Soup version 0.25-a0-949-gdd2af9e06e (webtiles) character file.

Game seed: 926981541882805618, levelgen mode: deterministic

1442 MisterFreud the Ducker (level 8, -7/54 HPs)
             Began as an Octopode Gladiator on May 8, 2020.
             Mangled by an ice beast (13 damage)
             ... on level 5 of the Dungeon.
             The game lasted 00:07:25 (6931 turns).

MisterFreud the Ducker (Octopode Gladiator)         Turns: 6931, Time: 00:07:25

Health: -7/54      AC:  1    Str: 13    XL:     8   Next: 74%
Magic:  8/8        EV: 18    Int: 12    God:
Gold:   200        SH:  5    Dex: 14    Spells: 7/7 levels left

rFire    . . .     SeeInvis .   a - +0 long sword
rCold    . . .     Gourm    .   g - +0 buckler
rNeg     . . .     Faith    .   b - +0 hat
rPois    .         Spirit   .   (no amulet)
rElec    .         Reflect  .   (no ring)
rCorr    .         Harm     .   (no ring)
MR       .....                  (no ring)
Stlth    ++........             (no ring)
HPRegen  0.18/turn              (no ring)
MPRegen  0.11/turn              (no ring)
                                (no ring)
                                (no ring)

@: no status effects
A: almost no armour, stealthy swim, amphibious, 8 rings, constrict 8, camouflage
1, gelatinous body 1
a: no special abilities


You were on level 5 of the Dungeon.
You were not hungry.

You visited 2 branches of the dungeon, and saw 7 of its levels.

You collected 200 gold pieces.

Inventory:

Hand Weapons
 a - a +0 long sword (weapon)
 q - a +1 falchion of holy wrath
Missiles
 c - 3 throwing nets (quivered)
Armour
 b - a +0 hat (worn)
 g - a +0 buckler (worn)
Wands
 t - a wand of iceblast (9)
Scrolls
 e - a scroll of acquirement {unknown}
 i - 2 scrolls of fog {unknown}
 k - 4 scrolls of remove curse
 l - a scroll of immolation {unknown}
 m - a scroll of random uselessness {unknown}
 n - 3 scrolls of teleportation {unknown}
 p - a scroll of noise {unknown}
 s - a scroll of magic mapping {unknown}
Potions
 f - 2 potions of magic
 h - a potion of heal wounds
 j - a potion of mutation
 o - a potion of curing
 u - a potion of might {unknown}
Comestibles
 d - 12 rations


   Skills:
 - Level 4.0 Fighting
 - Level 6.0 Long Blades
 - Level 2.0 Throwing
 + Level 7.9 Dodging
 - Level 4.0 Shields


You had 7 spell levels left.
You didn't know any spells.
Your spell library was empty.

Dungeon Overview and Level Annotations

Branches:
Dungeon (6/15)             Temple (1/1) D:4

Altars:
Dithmenos
Fedhas
Gozag
Kikubaaqudgha
Nemelex Xobeh
Okawaru
Ru
Trog
Wu Jian
Yredelemnul
Zin
The Shining One


Innate Abilities, Weirdness & Mutations

You cannot wear most types of armour.
You are very stealthy in the water. (Stealth+)
You are amphibious.
You can wear up to eight rings at the same time.
You can use your tentacles to constrict eight enemies at once.
Your skin changes colour to match your surroundings (Stealth+).
Your rubbery body absorbs attacks. (AC +1, EV +1)


Message History

You hit the ice beast.
The ice beast is severely wounded.
The ice beast misses you.
You riposte.
You closely miss the ice beast.
The ice beast is severely wounded.
The ice beast hits you.
* * * LOW HITPOINT WARNING * * *
The ice beast freezes you!
* * * LOW HITPOINT WARNING * * *
You hit the ice beast. Your squeeze misses the ice beast.
The ice beast is severely wounded.
You block the ice beast's attack.
You barely miss the ice beast.
The ice beast is severely wounded.
You block the ice beast's attack.
Evoke which item? (* to show all) (? for menu, Esc to quit)
Okay, then.
The ice beast hits you.
* * * LOW HITPOINT WARNING * * *
The ice beast freezes you!
You die...

.)..##......#...........#...)##..
######.....##...........#........
....##.....#######.....##..).)...
.....'.....##...##.....##..(.##..
.....#...........#.....##....##..
....#########....'.....#.....##..
....##.....##...#########....#...
'#####.....#######.....##....##..
................@......##....##..
.................Y..........(.#..
....##..........##.....##.....#..
######..........##.....##....####
....######'##...##.....##....##.(
....##.....##...##.....##....##..
....##..........##.....##....#...
....##..........##.....##....'...
.................+...........#...


You could see an ice beast.

Vanquished Creatures
  Grinder (D:5)
  Eustachio (D:4)
  A hungry ghost (D:5)
  An ice beast (D:5)
  A sky beast (D:5)
  A bullfrog (D:6)
  A howler monkey (D:4)
  A bullfrog skeleton (D:5)
  2 orc priests
  3 orc wizards
  Natasha (thrice) (D:2)
  2 iguanas (D:5)
  3 worker ants
  12 gnolls
  7 adders
  3 oozes
  An adder zombie (D:5)
  3 worms
  2 dart slugs
  5 leopard geckos
  19 orcs
  3 bats
  5 giant cockroaches
  6 goblins
  5 hobgoblins
  3 jackals (D:2)
  2 quokkas
  4 frilled lizards
  7 kobolds
  A leopard gecko skeleton (D:4)
  5 rats
114 creatures vanquished.

Notes
Turn   | Place    | Note
-------+----------+-------------------------------------------
     0 | D:1      | MisterFreud the Octopode Gladiator began the quest for the
                  | Orb.
     0 | D:1      | Reached XP level 1. HP: 14/14 MP: 1/1
   242 | D:1      | Reached XP level 2. HP: 11/20 MP: 2/2
  1107 | D:2      | Reached skill level 1 in Shields
  1162 | D:2      | Reached XP level 3. HP: 25/26 MP: 3/3
  1202 | D:2      | Noticed Natasha
  1393 | D:2      | Killed Natasha
  1393 | D:2      | Reached XP level 4. HP: 21/33 MP: 4/4
  1806 | D:2      | Reached XP level 5. HP: 14/37 MP: 5/5
  2099 | D:2      | Noticed Natasha
  2104 | D:2      | Killed Natasha
  2334 | D:2      | Noticed Natasha
  2393 | D:2      | Killed Natasha
  2928 | D:3      | You fall into a shaft and drop 1 floor!
  2959 | D:4      | Reached XP level 6. HP: 43/43 MP: 6/6
  3023 | D:3      | Found a sacrificial altar of Ru.
  3245 | D:3      | Found a faded altar of an unknown god.
  3704 | D:4      | Found a staircase to the Ecumenical Temple.
  3723 | Temple   | Entered the Ecumenical Temple
  3912 | D:4      | Noticed Eustachio
  3918 | D:4      | Killed Eustachio
  3918 | D:4      | Reached skill level 5 in Long Blades
  3918 | D:4      | Reached XP level 7. HP: 38/48 MP: 7/7
  4476 | D:4      | Found a sparkling altar of Nemelex Xobeh.
  5113 | D:5      | Entered Level 5 of the Dungeon
  5185 | D:5      | Reached skill level 4 in Dodging
  5467 | D:5      | Noticed Grinder
  5471 | D:5      | Paralysed by Grinder for 2 turns
  5478 | D:5      | Killed Grinder
  5478 | D:5      | Reached skill level 5 in Dodging
  5478 | D:5      | Reached XP level 8. HP: 37/54 MP: 8/8
  5481 | D:5      | Reached skill level 6 in Dodging
  6219 | D:5      | Found an ancient bone altar of Kikubaaqudgha.
  6220 | D:5      | Found a blossoming altar of Fedhas.
  6586 | D:5      | Reached skill level 7 in Dodging
  6931 | D:5      | Mangled by an ice beast

Levels and vault maps discovered:
D:1:      grunt_arrival_crossed_arrows, layout_basic
D:2:      layout_loops_ring, first_ration, uniq_natasha
D:3:      layout_rooms, chequers_ecumenical_altar_grove,
          nicolae_ru_great_annihilating_truth
D:4:      layout_layer_cave, nemelex_xobeh_ov_fountains_minmay,
          minmay_temple_entry_glass, uniq_eustachio
D:5:      layout_gridville, grunt_temple_overflow_growth_and_decay, uniq_grinder
D:6:      layout_basic, tgw_xom, vehumet_crystals, uniq_duvessa
Temple:   nicolae_temple_figure_zero

Skill      XL: |  1  2  3  4  5  6  7  8 |
---------------+-------------------------+-----
Shields        | 1 2 4 |  4.0
Fighting       | 3 4 |  4.0
Long Blades    | 5 6 |  6.0
Dodging        | 5 7 |  7.9
Throwing       | |  2.0

Action                   |  1- 3 |  4- 6 |  7- 9 || total
-------------------------+-------+-------+-------++-------
Melee: Long sword        |    43 |   102 |   117 ||   262
       Constrict         |    12 |    34 |    27 ||    73
       Tentacles         |    10 |    23 |    35 ||    68
Evoke: Wand              |       |       |     1 ||     1
  Use: Potion            |       |     1 |     1 ||     2
       Scroll            |       |     3 |     2 ||     5
 Stab: Sleeping          |     3 |     6 |     4 ||    13
       Invisible         |       |     1 |       ||     1
       Paralysed         |       |     1 |       ||     1
  Eat: Chunk             |     1 |     8 |     8 ||    17
       Ration            |       |       |     1 ||     1
Armor: Skin              |       |     1 |     3 ||     4
Dodge: Dodged            |    24 |    57 |    86 ||   167
Block: Buckler           |     4 |    23 |    36 ||    63
       Rpst.: Long sword |     8 |    18 |    33 ||    59

Table legend:
 A = Non-vault XP
 B = Vault XP
 C = Vault XP percentage of total XP
 D = Non-vault monster count
 E = Vault monster count
 F = Vault count percentage of total count
                 A         B        C        D         E       F
            +---------+---------+-------+---------+---------+-------
      Total |    1493 |     567 |  27.5 |     107 |       7 |   6.1
            +---------+---------+-------+---------+---------+-------
        D:1 |      23 |       0 |   0.0 |      12 |       0 |   0.0
        D:2 |     196 |      36 |  15.5 |      24 |       1 |   4.0
        D:3 |      74 |      43 |  36.8 |      16 |       4 |  20.0
        D:4 |     332 |     202 |  37.8 |      30 |       1 |   3.2
        D:5 |     763 |     286 |  27.3 |      21 |       1 |   4.5
        D:6 |     105 |       0 |   0.0 |       4 |       0 |   0.0
            +---------+---------+-------+---------+---------+-------
